 Dungeon Crawl Stone Soup version 0.26-a0-652-gafc20e3620 (webtiles) character file.

Game seed: 8863723969871912137

95 DogServant the Magician (level 4, -2/24 HPs)
             Began as a Deep Elf Hedge Wizard on Oct 2, 2020.
             Slain by a gnoll
             ... wielding a +0 spear
              (6 damage)
             ... on level 2 of the Dungeon.
             The game lasted 00:05:50 (2001 turns).

DogServant the Magician (Deep Elf Hedge Wizard)     Turns: 2001, Time: 00:05:51

Health: -2/24      AC:  2    Str:  7    XL:     4   Next: 40%
Magic:  9/13       EV: 14    Int: 20    God:
Gold:   129        SH:  0    Dex: 14    Spells: 1/14 levels left

rFire    . . .     SeeInvis .   n - +1 spear (venom)
rCold    . . .     Faith    .   (no shield)
rNeg     . . .     Spirit   .   b - +0 robe
rPois    .         Reflect  .   c - +0 hat
rElec    .         Harm     .   (no cloak)
rCorr    .         Rampage  .   (no gloves)
MR       .....                  (no boots)
Stlth    ++........             i - amulet of magic regeneration
HPRegen  0.08/turn              (no ring)
MPRegen  0.38/turn              (no ring)

@: no status effects
A: no striking features
a: no special abilities


You were on level 2 of the Dungeon.
You visited 1 branch of the dungeon, and saw 2 of its levels.

You collected 129 gold pieces.

Inventory:

Hand Weapons
 a - a +0 dagger
 n - a +1 spear of venom (weapon)
Missiles
 g - 8 poisoned darts (quivered)
Armour
 b - a +0 robe (worn)
 c - a +0 hat (worn)
Jewellery
 i - an amulet of magic regeneration (around neck)
Scrolls
 d - 2 scrolls of magic mapping {unknown}
 h - a scroll of teleportation {unknown}
 k - a scroll of remove curse {unknown}
Potions
 e - a potion of brilliance {unknown}
 f - 2 potions of heal wounds
 j - a potion of mutation {unknown}
 l - 2 potions of curing {unknown}
 m - a potion of flight {unknown}


   Skills:
 + Level 3.7 Dodging
 - Level 2.4 Stealth
 + Level 5.5 Spellcasting
 + Level 2.8 Conjurations
 - Level 1.1 Summonings
 - Level 1.1 Translocations


You had one spell level left.
You knew the following spells:

 Your Spells              Type           Power        Failure   Level
a - Magic Dart            Conj           ###.         3%          1
b - Blink                 Tloc           N/A          11%         2
c - Call Imp              Summ           #.......     11%         2
d - Slow                  Hex            #.......     17%         2
e - Conjure Flame         Conj/Fire      ##......     19%         3
f - Mephitic Cloud        Conj/Pois/Air  #.......     22%         3

Your spell library contained the following spells:

 Spells                   Type           Power        Failure   Level
 Apportation              Tloc           #.....       7%          1
 Summon Small Mammal      Summ           #...         7%          1
 Animate Skeleton         Necr           #.....       11%         1
 Corona                   Hex            #......      11%         1


Dungeon Overview and Level Annotations

Branches:
Dungeon (2/15)

Altars:


Message History

You reach to attack!
You closely miss the gnoll.
The gnoll is severely wounded.
Your iron imp disappears in a puff of smoke!
The gnoll hits you but does no damage.
Attack whom?
Press: ? - help, Dir - move target cursor, f/p - gnoll
Aim: a gnoll, wielding a +0 spear (severely wounded, poisoned)
You reach to attack!
You hit the gnoll but do no damage.
The gnoll looks even sicker.
The gnoll is severely wounded.
The gnoll barely misses you.
The gnoll hits you from afar with a +0 spear!
* * * LOW HITPOINT WARNING * * *
Attack whom?
Press: ? - help, Dir - move target cursor, f/p - gnoll
Aim: a gnoll, wielding a +0 spear (severely wounded, very poisoned)
You reach to attack!
You barely miss the gnoll.
The gnoll is severely wounded.
The gnoll hits you from afar with a +0 spear.
You die...

..##.########................#
####...# ##..#####..†.....#
.......# #...# #.########
..##)..#### #.#.# ##.#
.###......###.#.####..#
.##........##.#..##..##
.#..........#.##....##
............#.####..#
.[..........#...@.g.##
...............####.>###
...............# ##.).#
.#.÷.......##### ###.##
..#..).....# #)(#
#...........# ##.###
##..........# #....#
#..........# #....#
#..........# #....#


You could see a gnoll (very poisoned).

Vanquished Creatures
  2 gnolls (D:2)
  An adder (D:2)
  An ufetubus (D:2)
  A worm (D:2)
  A dart slug (D:1)
  3 leopard geckos
  2 giant cockroaches (D:1)
  3 goblins
  9 hobgoblins
  4 jackals (D:2)
  2 kobolds
  2 bats (D:1)
  3 frilled lizards
  4 rats
38 creatures vanquished.

Vanquished Creatures (collateral kills)
  An adder (D:2)
  A gnoll (D:2)
  2 gnoll zombies (D:2)
  A kobold (D:2)
5 creatures vanquished.

Grand Total: 43 creatures vanquished

Notes
Turn   | Place    | Note
-------+----------+-------------------------------------------
     0 | D:1      | DogServant the Deep Elf Hedge Wizard began the quest for
                  | the Orb.
     0 | D:1      | Reached XP level 1. HP: 10/10 MP: 7/7
   275 | D:1      | Reached XP level 2. HP: 15/15 MP: 5/9
   368 | D:1      | Learned a level 2 spell: Blink
   371 | D:1      | Learned a level 2 spell: Call Imp
   374 | D:1      | Learned a level 2 spell: Slow
   717 | D:2      | Reached XP level 3. HP: 6/19 MP: 4/11
   772 | D:2      | Reached skill level 5 in Spellcasting
  1645 | D:2      | Reached XP level 4. HP: 24/24 MP: 3/13
  1952 | D:2      | Learned a level 3 spell: Conjure Flame
  1956 | D:2      | Learned a level 3 spell: Mephitic Cloud
  2001 | D:2      | Slain by a gnoll

Illustrated notes

Levels and vault maps discovered:
D:1:      mrwooster_arrival_statue, layout_rooms
D:2:      layout_rooms, lemuel_zombie_altar_yredelemnul

Skill      XL: |  1  2  3 |
---------------+----------+-----
Dodging        | 3 |  3.7
Conjurations   | 2 |  2.8
Spellcasting   | 5 |  5.5
Stealth        | |  2.4
Summonings     | |  1.1
Translocations | |  1.1

Action                   |  1- 3 |  4- 6 || total
-------------------------+-------+-------++-------
Melee: Dagger            |     8 |       ||     8
       Spear             |    19 |    18 ||    37
 Cast: Magic Dart        |    74 |    13 ||    87
       Call Imp          |     8 |     4 ||    12
       Blink             |     1 |       ||     1
       Slow              |       |     1 ||     1
  Use: Potion            |     2 |       ||     2
 Stab: Sleeping          |     1 |       ||     1
Armor: Robe              |     4 |     2 ||     6
       Skin              |     1 |       ||     1
Dodge: Dodged            |    35 |    14 ||    49

Table legend: (Time is in decaauts)
 A = Elapsed time spent in this place.
 B = Non-inter-level travel time spent in this place.
 C = Inter-level travel time spent in this place.
 D = Time resting spent in this place.
 E = Time spent auto-exploring this place.
 F = Levels seen in this place.
 G = Mean time per level.
                   A        B        C        D        E       F      G
               +--------+--------+--------+--------+--------+-----+--------+
         Total |   2004 |   1985 |     19 |    613 |   1059 |   2 | 1002.0 |
       Dungeon |   2004 |   1985 |     19 |    613 |   1059 |   2 | 1002.0 |
               +--------+--------+--------+--------+--------+-----+--------+

Top non-repeatable levels by time:
     D:2: 1293 daAuts
     D:1: 711 daAuts
